 Dungeon Crawl Stone Soup version 0.31.0-12-g77e489cdc1 (webtiles) character file.

Game seed: 17225556278484461734

6248 Silvore the Carver (level 10, -3/79 HPs)
             Began as a Demonspawn Fighter on Feb 16, 2024.
             Was a Believer of Okawaru.
             Killed from afar by an acid dragon (16 damage)
             ... with a splash of acid
             ... on level 9 of the Dungeon.
             The game lasted 00:11:46 (7604 turns).

Silvore the Carver (Demonspawn Fighter)             Turns: 7604, Time: 00:11:46

Health: -3/79      AC: 29    Str: 28    XL:     10   Next: 62%
Magic:  10/10      EV:  7    Int:  9    God:    Okawaru [**....]
Gold:   383        SH:  5    Dex: 13    Spells: 9/9 levels left

rFire   . . .        a - +0 long sword
rCold   . . .        c - +0 buckler
rNeg    . . .        D - +2 plate armour of the Midnight Sun {+Blink rElec Str+2 SInv}
rPois   +            k - +0 hat
rElec   +            (no cloak)
rCorr   .            (no gloves)
SInv    +            r - +0 pair of boots
Will    .....        (no amulet) Stlth
                     L - +6 ring of strength
HPRegen 1.13/turn    e - ring of poison resistance
MPRegen 0.12/turn

%: no passive effects
@: mighty, sanguine armoured
A: antennae 2, foul stench 1, sanguine armour 3, hooves 1, regeneration 1, wild
magic 1
a: Renounce Religion, Evoke Blink, Heroism


You were on level 9 of the Dungeon.
You worshipped Okawaru.
Okawaru was pleased with you.
You visited 2 branches of the dungeon, and saw 10 of its levels.
You also visited: Ossuary.

You collected 383 gold pieces.

Inventory:

Hand Weapons
 a - a +0 long sword (weapon)
Missiles
 o - 3 throwing nets (quivered)
Armour
 b - a +0 scale mail
 c - a +0 buckler (worn)
 i - a +0 plate armour
 k - a +0 hat (worn)
 r - a +0 pair of boots (worn)
 D - the +2 plate armour of the Midnight Sun (worn) {+Blink rElec Str+2 SInv}
   (You acquired it on level 6 of the Dungeon)

   Str+2:     It affects your strength (+2).
   rElec:     It insulates you from electricity.
   SInv:      It lets you see invisible.
   +Blink:    It lets you blink.
Magical Staves
 g - a staff of alchemy
Jewellery
 e - a ring of poison resistance (right hand)
 h - a ring of magical power
 m - a ring of willpower
 p - a ring of resist corrosion
 u - a ring of magical power
 E - a ring of fire
 H - a +4 ring of protection
 I - a +4 ring of protection
 L - a +6 ring of strength (left hand)
Wands
 n - a wand of charming (8)
 y - a wand of roots (5)
 G - a wand of polymorph (6)
 M - a wand of flame (11)
Scrolls
 d - 2 scrolls of amnesia
 s - a scroll of vulnerability
 t - 4 scrolls of teleportation
 J - a scroll of fog
 K - a scroll of fear
 N - a scroll of blinking
 O - a scroll of revelation
Potions
 f - 3 potions of mutation
 j - 3 potions of curing
 l - a potion of heal wounds {unknown}
 q - a potion of enlightenment
 v - a potion of berserk rage {unknown}
 w - 3 potions of brilliance
 x - 3 potions of attraction
 z - a potion of ambrosia {unknown}
 A - 3 potions of lignification
 B - a potion of haste {unknown}
 C - a potion of cancellation {unknown}
 F - a potion of might


   Skills:
 + Level 7.6 Fighting
 + Level 9.9 Long Blades
 + Level 8.1 Armour
 + Level 0.9 Dodging
 + Level 0.5 Stealth
 + Level 5.7 Shields


You had 9 spell levels left.
You didn't know any spells.
Your spell library contained the following spells:

 Spells                   Type           Power      Damage    Failure   Level
 Static Discharge         Conj/Air       0%         3-3/arc   100%        2
 Sublimation of Blood     Necr           0%         N/A       100%        2
 Hailstorm                Conj/Ice       0%         3d5       100%        3
 Airstrike                Air            0%         2d(0-16)  100%        4
 Petrify                  Alch/Erth      0%         N/A       100%        4
 Irradiate                Conj/Alch      0%         3d11      100%        5
 Summon Ice Beast         Ice/Summ       Unusable   N/A       N/A         3
 Summon Lightning Spire   Summ/Air       Unusable   N/A       N/A         4
 Sculpt Simulacrum        Ice/Alch       Unusable   N/A       N/A         6

Dungeon Overview and Level Annotations

Branches:
Dungeon (9/15)             Temple (1/1) D:5         Ossuary (visited)
   Lair: D:8-11         Orc: D:9-12

Altars:
Ashenzari
Cheibriados
Dithmenos
Fedhas
Gozag
Hepliaklqana
Kikubaaqudgha
Makhleb
Nemelex Xobeh
Okawaru
Qazlal
Ru
Sif Muna
Trog
Uskayaw
Vehumet
Wu Jian
Xom
Yredelemnul


Innate Abilities, Weirdness & Mutations

You have a pair of antennae on your head.
You may rarely emit foul miasma when damaged in melee.
When seriously injured, your blood forms very thick armour. (AC +12)
You have large cloven feet.
Your natural rate of healing is unusually fast.
Your spells are a little harder to cast, but a little more powerful.


Message History

The acid dragon claws you but does no damage.
Items here: )))) [ ††††.
The basilisk attacks as it pursues you! The basilisk barely misses you.
You are no longer corroded.
There is an open door here.
You see here a yak corpse.
You feel better. The basilisk bites you.
* * * LOW HITPOINT WARNING * * *
You feel very mighty all of a sudden. The basilisk bites you!
* * * LOW HITPOINT WARNING * * *
You miss the basilisk. The basilisk gazes at you. You resist with some effort.
You barely miss the basilisk.
The basilisk bites you but does no damage.
You hit the basilisk.
The basilisk is lightly wounded.
You block the basilisk's attack.
You hit the basilisk.
The basilisk is lightly wounded.
The basilisk barely misses you.
You slash the basilisk!
The basilisk is heavily wounded.
The basilisk bites you.
* * * LOW HITPOINT WARNING * * *
You barely miss the basilisk.
The basilisk is heavily wounded.
You closely miss the basilisk.
The basilisk is heavily wounded.
The basilisk bites you but does no damage.
You slash the basilisk!
The basilisk is almost dead.
The basilisk bites you but does no damage.
You slash the basilisk!
You kill the basilisk!
Okawaru accepts your kill. The acid dragon spits acid at you.
The splash of acid hits you!
You die...

# # # ###+###########
#.......# #.............#
#.......# #......)......#
+.......####.............###
#.......##.@.............')#
#......$##.#.............#))
........##D#.............###
........##g#.............#
.♣.....#..#.............#
........'.##.............#
...♣....####.............#
....g#### ######+########
..k..


You could see an acid dragon (catching breath) and a gnoll.

Vanquished Creatures
  A two-headed ogre (D:8)
  Pikel (D:5)
  Psyche (D:8)
  Grinder (D:3)
  Prince Ribbit (D:6)
  A hornet (D:9)
  3 wyverns (D:9)
  3 yaks (D:9)
  A basilisk (D:9)
  Menkaure (D:5)
  2 water moccasins
  Duvessa (D:5)
  3 orc warriors
  A sky beast (D:6)
  An ogre (D:5)
  2 black bears
  A centaur (D:8)
  2 kobold brigands
  A phantom (D:5)
  A weeping skull (Ossuary)
  3 bullfrogs
  A gnoll sergeant (D:9)
  3 scorpions
  4 wights (D:7)
  3 water moccasin zombies (Ossuary)
  Dowan (D:5)
  A killer bee (D:8)
  2 howler monkeys
  A bombardier beetle (Temple)
  6 orc priests
  2 hounds
  2 gnoll boudas
  2 spectral scorpions (Ossuary)
  4 orc wizards
  2 iguanas
  A crocodile zombie (Ossuary)
  2 mummies (Ossuary)
  22 gnolls
  12 adders
  A shadow imp (D:6)
  3 white imps
  4 ufetubi
  3 adder zombies (Ossuary)
  4 dart slugs
  2 ribbon worms
  40 orcs
  4 bats
  4 endoplasms
  2 giant cockroaches
  5 goblins
  6 hobgoblins
  4 jackals (D:3)
  3 quokkas
  3 ball pythons
  5 frilled lizards
  7 gnoll zombies (Ossuary)
  4 jackal zombies (Ossuary)
  10 kobolds
  5 orc zombies (Ossuary)
  A quokka zombie (D:5)
  5 rats
  A rat zombie (D:5)
229 creatures vanquished.

Vanquished Creatures (others)
  An orc wizard (D:4)
1 creature vanquished.

Grand Total: 230 creatures vanquished

Notes
Turn   | Place    | Note
-------+----------+-------------------------------------------
     0 | D:1      | Silvore the Demonspawn Fighter began the quest for the Orb.
     0 | D:1      | Reached XP level 1. HP: 18/18 MP: 1/1
   278 | D:1      | Gained mutation: You have a pair of small antennae on your
                  | head. [demonic ancestry]
   278 | D:1      | Reached XP level 2. HP: 17/24 MP: 2/2
   881 | D:2      | Reached skill level 2 in Long Blades
   885 | D:2      | Reached XP level 3. HP: 29/29 MP: 3/3
  1441 | D:3      | Gained mutation: Your spells are a little harder to cast,
                  | but a little more powerful. [potion of mutation]
  1441 | D:3      | Gained mutation: You have large cloven feet. [potion of
                  | mutation]
  1441 | D:3      | Gained mutation: Your natural rate of healing is unusually
                  | fast. [potion of mutation]
  1549 | D:3      | Gained mutation: When seriously injured, your blood forms
                  | armour. (AC +12) [demonic ancestry]
  1549 | D:3      | Reached XP level 4. HP: 31/36 MP: 4/4
  1647 | D:3      | Noticed Grinder
  1650 | D:3      | Paralysed by Grinder for 5 turns
  1667 | D:3      | Paralysed by Grinder for 3 turns
  1689 | D:3      | Killed Grinder
  1690 | D:3      | Reached skill level 3 in Long Blades
  1690 | D:3      | Reached XP level 5. HP: 22/42 MP: 5/5
  1690 | D:3      | Gained mutation: You have a pair of antennae on your head.
                  | [demonic ancestry]
  1690 | D:3      | Reached XP level 6. HP: 25/48 MP: 6/6
  2218 | D:3      | Reached skill level 4 in Long Blades
  2388 | D:4      | Gained mutation: When seriously injured, your blood forms
                  | thick armour. (AC +12) [demonic ancestry]
  2388 | D:4      | Reached XP level 7. HP: 48/55 MP: 7/7
  2470 | D:4      | Reached skill level 5 in Long Blades
  2755 | D:4      | Reached skill level 5 in Armour
  3086 | D:5      | Entered Level 5 of the Dungeon
  3106 | D:5      | Found an ancient bone altar of Kikubaaqudgha.
  3225 | D:5      | Found a staircase to the Ecumenical Temple.
  3225 | D:5      | Noticed Dowan
  3225 | D:5      | Noticed Duvessa
  3238 | Temple   | Entered the Ecumenical Temple
  3281 | D:5      | Killed Duvessa
  3282 | D:5      | Gained mutation: You may rarely emit foul miasma when
                  | damaged in melee. [demonic ancestry]
  3282 | D:5      | Reached XP level 8. HP: 37/61 MP: 8/8
  3290 | D:5      | Killed Dowan
  3448 | D:5      | Noticed Menkaure
  3457 | D:5      | Killed Menkaure
  3458 | D:5      | Reached skill level 5 in Fighting
  3458 | D:5      | Reached skill level 6 in Long Blades
  3505 | D:5      | Found a sand-covered staircase.
  3512 | Ossuary  | Entered an ossuary
  3855 | Ossuary  | Reached skill level 7 in Long Blades
  3993 | D:5      | Noticed Pikel
  4019 | D:5      | Killed Pikel
  4020 | D:5      | Reached XP level 9. HP: 20/69 MP: 9/9
  4968 | D:6      | Noticed Prince Ribbit
  4999 | D:6      | Killed Prince Ribbit
  5225 | D:6      | Found a shimmering blue altar of Sif Muna.
  5227 | D:6      | Found a sparkling altar of Nemelex Xobeh.
  5227 | D:6      | Found a radiant altar of Vehumet.
  5231 | D:6      | Found a broken altar of Ashenzari.
  5231 | D:6      | Found a stormy altar of Qazlal.
  5232 | D:6      | Found an iron altar of Okawaru.
  5257 | D:6      | Reached skill level 8 in Long Blades
  5263 | D:6      | Became a worshipper of Warmaster Okawaru
  5265 | D:6      | Identified a scroll of acquirement
  5265 | D:6      | Acquired the +2 plate armour of the Midnight Sun {+Blink
                  | rElec Str+2 SInv}
  5692 | D:7      | Reached skill level 5 in Shields
  6547 | D:8      | Noticed a two-headed ogre
  6568 | D:8      | Killed a two-headed ogre
  6568 | D:8      | Reached * piety under Okawaru
  6569 | D:8      | Gained mutation: When seriously injured, your blood forms
                  | very thick armour. (AC +12) [demonic ancestry]
  6569 | D:8      | Reached XP level 10. HP: 10/77 MP: 10/10
  6815 | D:8      | Reached skill level 9 in Long Blades
  7051 | D:8      | Noticed Psyche
  7059 | D:8      | Killed Psyche
  7059 | D:8      | Reached ** piety under Okawaru
  7259 | D:9      | Paralysed by a hornet for 2 turns
  7604 | D:9      | Killed from afar by an acid dragon

Illustrated notes

Levels and vault maps discovered:
D:1:      dpeg_arrival_line_fractal, layout_loops_ring, st_stairs_14
D:2:      layout_basic, serial_curves, eino_curves_02, eino_curves_04,
          nicolae_half_adder
D:3:      layout_rooms, minmay_quadrilaterals, uniq_grinder
D:4:      layout_loops_ring
D:5:      layout_rooms, lemuel_coloured_pillars_altar,
          minmay_temple_entry_drinking_statues, enter_ossuary_4, serial_glass,
          glass_columns_a, glass_columns_a, minmay_misc_feat_tiny,
          lexackson_kobold_supper, uniq_duvessa, uniq_pikel, uniq_menkaure
D:6:      layout_cave_pods, grunt_temple_overflow_open, uniq_prince_ribbit1
D:7:      layout_gridville
D:8:      layout_loops_ring, st_stairs_2, nicolae_lava_and_water, uniq_psyche
D:9:      layout_roguey, minmay_lair_entry_grove
Temple:   hellmonk_temple_of_storms

Skill      XL: |  1  2  3  4  5  6  7  8  9 10 |
---------------+-------------------------------+-----
Shields        | 3 4 5 |  5.7
Long Blades    | 2 3 4 5 7 8 9 |  9.9
Armour         | 3 4 5 6 7 8 |  8.1
Fighting       | 4 6 7 |  7.6
Dodging        | |  0.9
Stealth        | |  0.5

Action                     |  1- 3 |  4- 6 |  7- 9 | 10-12 || total
---------------------------+-------+-------+-------+-------++-------
  Melee: Long sword        |    75 |   134 |   801 |   273 ||  1283
         Kick              |     3 |    37 |    23 |       ||    63
    Use: Scroll            |     7 |     1 |     8 |     1 ||    17
         Potion            |     1 |     2 |       |     2 ||     5
 Armour: Scale mail        |    12 |       |       |       ||    12
         Plate armour      |    61 |   166 |   865 |   220 ||  1312
  Dodge: Dodged            |    17 |    43 |   249 |    80 ||   389
  Block: Buckler           |    13 |    33 |   227 |    62 ||   335
